cohdb
Replays
Latest Replays
All Replays
Popular Replays
Top Player Replays
Match Explorer
How It Works
Community
CoH3 Stats
Reddit
Sign in to upload your games and track your stats! →
Sign in with Steam
Match 38961735
Unlisted
Match 38961735
Overview
Messages
Build Orders
End
Selects Australian Defense Battlegroup
Selects Australian Light Infantry Section
Australian Light Infantry Section
Construct Section Command Post
Infantry Section
ML 3-inch Mortar Team
Australian Light Infantry Section
Construct Field Infirmary
Construct Platoon Command Post
Unlock M3 Stuart Light Tanks
Selects CMP 15cwt Supply Run
M3 Stuart Light Tank
Viplala
Hardi
DumbPanda
UH|dun! ツ
UH|ck
UH|XTC
0
0
Comments
sign in to comment!
No comments posted yet!